 Dungeon Crawl Stone Soup version 0.27.1-1-g398f81649c (webtiles) character file.

Game seed: 18246524318285244233

7789 MisterFreud the Blocker (level 11, -10/89 HPs)
             Began as a Gnoll Fighter on Sept 12, 2021.
             Was a High Priest of Cheibriados.
             Mangled by an orc knight (21 damage)
             ... in a bailey.
             The game lasted 00:11:52 (6703 turns).

MisterFreud the Blocker (Gnoll Fighter)             Turns: 6703, Time: 00:11:54

Health: -10/89     AC:  6    Str: 26    XL:     11   Next: 20%
Magic:  4/20       EV: 16    Int: 22    God:    Cheibriados [*****.]
Gold:   237        SH: 13    Dex: 23    Spells: 15/22 levels left

rFire    . . .     SeeInvis .   a - +0 rapier
rCold    . . .     Faith    .   c - +0 kite shield
rNeg     . . .     Spirit   .   h - +2 robe {Will+}
rPois    .         Reflect  .   (no helmet)
rElec    .         Harm     .   (no cloak)
rCorr    +         Rampage  .   (no gloves)
Will     +....                  k - +0 pair of boots
Stlth    ++++......             (no amulet)
HPRegen  0.24/turn              z - +4 ring of slaying
MPRegen  0.17/turn              H - ring of resist corrosion

@: very slow
A: fangs 1, strong nose, distributed training
a: Renounce Religion, Bend Time, Temporal Distortion, Slouch, Step From Time


You were in a bailey.
You worshipped Cheibriados.
Cheibriados was extremely pleased with you.
You visited 1 branch of the dungeon, and saw 7 of its levels.
You also visited: Bailey.

You collected 413 gold pieces.
You spent 176 gold pieces at shops.

Inventory:

Hand Weapons
 a - a +0 rapier (weapon)
 b - a +2 spear of venom
Missiles
 e - 3 throwing nets
 s - 9 boomerangs (quivered)
 A - 28 poisoned darts
Armour
 c - a +0 kite shield (worn)
 h - a +2 robe of willpower (worn)
 k - a +0 pair of boots (worn)
Jewellery
 r - a ring of fire
 v - a ring of fire
 w - a ring of ice
 z - a +4 ring of slaying (left hand)
 H - a ring of resist corrosion (right hand)
 J - a +6 ring of strength
Wands
 m - a wand of acid (6)
 B - a wand of iceblast (11)
 E - a wand of flame (6)
Scrolls
 f - 2 scrolls of teleportation
 i - a scroll of enchant weapon {unknown}
 j - 2 scrolls of blinking {unknown}
 t - 2 scrolls of torment {unknown}
 u - 2 scrolls of acquirement {unknown}
 x - 2 scrolls of summoning {unknown}
 y - a scroll of immolation {unknown}
 C - a scroll of enchant armour {unknown}
 D - a scroll of silence
 K - 2 scrolls of magic mapping {unknown}
Potions
 d - 3 potions of might
 g - a potion of resistance
 l - 2 potions of invisibility
 n - 4 potions of heal wounds
 o - a potion of ambrosia
 p - 2 potions of curing
 q - a potion of flight
 F - a potion of cancellation {unknown}
 G - 2 potions of magic {unknown}
 I - 5 potions of mutation {unknown}


   Skills:
 + Level 9.2 Fighting
 + Level 7.9 Short Blades
 + Level 6.3 Long Blades
 + Level 6.3 Axes
 + Level 6.3 Maces & Flails
 + Level 6.3 Polearms
 + Level 6.3 Staves
 + Level 6.3 Slings
 + Level 6.3 Bows
 + Level 6.3 Crossbows
 + Level 6.3 Throwing
 + Level 9.2 Armour
 + Level 6.3 Dodging
 + Level 6.3 Stealth
 + Level 9.2 Shields
 + Level 6.3 Unarmed Combat
 + Level 6.3 Spellcasting
 + Level 5.2 Conjurations
 + Level 5.2 Hexes
 + Level 5.2 Summonings
 + Level 5.2 Necromancy
 + Level 5.2 Translocations
 + Level 5.2 Transmutations
 + Level 5.2 Fire Magic
 + Level 5.2 Ice Magic
 + Level 5.2 Air Magic
 + Level 5.2 Earth Magic
 + Level 5.2 Poison Magic
 + Level 6.9 Invocations
 + Level 6.3 Evocations


You had 15 spell levels left.
You knew the following spells:

 Your Spells              Type           Power      Damage    Failure   Level
a - Blink                 Tloc           N/A        N/A       3%          2
b - Ensorcelled Hibernat  Hex/Ice        60%        N/A       3%          2
c - Tukima's Dance        Hex            30%        N/A       6%          3

Your spell library contained the following spells:

 Spells                   Type           Power      Damage    Failure   Level
 Corona                   Hex            33%        N/A       2%          1
 Sting                    Tmut/Pois      100%       1d8       2%          1
 Poisonous Vapours        Pois/Air       60%        N/A       3%          2
 Portal Projectile        Hex/Tloc       60%        N/A       6%          3
 Olgreb's Toxic Radiance  Pois           30%        N/A       22%         4
 Blade Hands              Tmut           15%        N/A       52%         5
 Excruciating Wounds      Necr           15%        N/A       52%         5
 Manifold Assault         Tloc           30%        N/A       52%         5
 Malign Gateway           Summ/Tloc      15%        N/A       100%        7
 Storm Form               Tmut/Air       15%        N/A       100%        7
 Summon Horrible Things   Summ           15%        N/A       100%        8


Dungeon Overview and Level Annotations

Branches:
Dungeon (7/15)             Temple (0/1) D:4          Bailey (1/1)

Altars:
Cheibriados
Trog

Shops:
D:2 !   D:3 =   D:4 *

Annotations:
D:6 1 runed translucent door
D:7 2 transporters, Turgon's ghost, novice TrWn


Innate Abilities, Weirdness & Mutations

You have very sharp teeth.
Your uncanny sense of smell can sniff out nearby items.
Your experience applies equally to all skills.


Message History

You hit the orc knight but do no damage.
An orc knight comes into view. It is wielding a +0 halberd.
Your +0 glaive hits the orc knight but does no damage.
Unknown command.
Unknown command.
You fail to use your ability.
The orc knight hits you from afar with a +0 glaive!!
* * * LOW HITPOINT WARNING * * *
Unknown command.
Unknown command.
Unknown command.
Unknown command.
Unknown command.
Unknown command.
Unknown command.
Unknown command.
You feel much better.
The orc knight no longer looks unusually strong. x2
The orc knight barely misses you.
The orc knight hits you from afar with a +0 glaive!!
* * * LOW HITPOINT WARNING * * *
The orc knight roars a battlecry!
The orc knights go into a battle-frenzy!
Your +0 glaive hits the orc knight from afar!
Casting: Tukima's Dance (dangerous; 6% risk of failure)
Confirm with . or Enter, or press ? or * to list all spells.
Aiming: Tukima's Dance (dangerous; 6% risk of failure)
Press: ? - help, Shift-Dir - straight line, f - orc knight, p - orc knight
Aim: an orc knight, wielding a +0 glaive and wearing a +0 chain mail (strong, chance to affect: 52%)
The +0 glaive dances into the air!
The orc knight barely misses you. You block the orc knight's attack.
Your +0 glaive hits the orc knight from afar.
Casting: Tukima's Dance (dangerous; 6% risk of failure)
Confirm with . or Enter, or press ? or * to list all spells.
Aiming: Tukima's Dance (dangerous; 6% risk of failure)
Press: ? - help, Shift-Dir - straight line, f - orc knight, p - orc knight
Aim: an orc knight, wielding a +0 glaive and wearing a +0 scale mail (strong, chance to affect: 52%)
The orc knight resists with significant effort.
The orc knight hits you!!
You die...

###### ####### #
...).#########.....###..
..))..#.....#.......'...
.))...'.....'..))...'...
.)....'...!.').)@o).'o..
.)...)'.....'.[)o)o.(...
.)....#.....#..).)()'...
.....#########.....###..
###### ####### #


You could see 4 orc knights and 2 friendly dancing weapons.

Vanquished Creatures
  Pikel (D:5)
  An orc knight (Bailey)
  The ghost of Garym the Chopper, a novice MiFi (D:6)
  Grinder (D:4)
  Sigmund (D:5)
  Duvessa (D:5)
  An ice beast (D:6)
  2 sky beasts
  7 orc warriors (Bailey)
  A black bear (D:6)
  3 ogres
  A lemure (D:5)
  2 bullfrogs (D:6)
  2 scorpions (D:5)
  Dowan (D:5)
  4 water moccasin skeletons
  A howler monkey (D:5)
  2 centaur zombies
  2 orc priests (D:7)
  2 hounds
  2 bullfrog skeletons
  A centaur skeleton (D:6)
  Ijyb (D:4)
  3 iguanas
  A killer bee zombie (D:6)
  7 gnolls
  4 adders
  A white imp (D:5)
  2 ufetubi
  4 worms
  4 dart slugs
  36 orcs
  10 endoplasms
  3 giant cockroaches
  19 goblins
  3 hobgoblins (D:3)
  4 jackals (D:1)
  2 quokkas (D:2)
  2 ball pythons
  7 bats
  5 frilled lizards
  6 kobolds
  8 rats
172 creatures vanquished.

Notes
Turn   | Place    | Note
-------+----------+-------------------------------------------
     0 | D:1      | MisterFreud the Gnoll Fighter began the quest for the Orb.
     0 | D:1      | Reached XP level 1. HP: 23/23 MP: 1/1
   138 | D:1      | Found a faded altar of an unknown god.
   142 | D:1      | Became a worshipper of Cheibriados the Contemplative
   142 | D:1      | Reached * piety under Cheibriados
   182 | D:1      | Reached XP level 2. HP: 22/29 MP: 2/2
   448 | D:1      | Reached ** piety under Cheibriados
  1033 | D:2      | Reached XP level 3. HP: 35/35 MP: 3/3
  1185 | D:2      | Reached skill level 1 in Invocations
  1422 | D:2      | Reached skill level 1 in Long Blades
  1422 | D:2      | Reached skill level 1 in Axes
  1422 | D:2      | Reached skill level 1 in Maces & Flails
  1422 | D:2      | Reached skill level 1 in Polearms
  1422 | D:2      | Reached skill level 1 in Staves
  1422 | D:2      | Reached skill level 1 in Slings
  1422 | D:2      | Reached skill level 1 in Bows
  1422 | D:2      | Reached skill level 1 in Crossbows
  1422 | D:2      | Reached skill level 1 in Throwing
  1422 | D:2      | Reached skill level 1 in Dodging
  1422 | D:2      | Reached skill level 1 in Stealth
  1422 | D:2      | Reached skill level 1 in Unarmed Combat
  1422 | D:2      | Reached skill level 1 in Spellcasting
  1422 | D:2      | Reached skill level 1 in Evocations
  1528 | D:2      | Found Jimen's Distillery.
  1554 | D:2      | Bought a potion of curing for 33 gold pieces
  1554 | D:2      | Bought a potion of flight for 33 gold pieces
  1722 | D:3      | Reached XP level 4. HP: 41/41 MP: 5/5
  1726 | D:3      | Reached *** piety under Cheibriados
  1827 | D:3      | Reached skill level 1 in Conjurations
  1827 | D:3      | Reached skill level 1 in Hexes
  1827 | D:3      | Reached skill level 1 in Summonings
  1827 | D:3      | Reached skill level 1 in Necromancy
  1827 | D:3      | Reached skill level 1 in Translocations
  1827 | D:3      | Reached skill level 1 in Transmutations
  1827 | D:3      | Reached skill level 1 in Fire Magic
  1827 | D:3      | Reached skill level 1 in Ice Magic
  1827 | D:3      | Reached skill level 1 in Air Magic
  1827 | D:3      | Reached skill level 1 in Earth Magic
  1827 | D:3      | Reached skill level 1 in Poison Magic
  1882 | D:3      | Found Kaoja's Jewellery Emporium.
  1896 | D:3      | Reached XP level 5. HP: 29/47 MP: 6/6
  2022 | D:3      | Noticed a sky beast
  2048 | D:3      | Killed a sky beast
  2376 | D:3      | Reached XP level 6. HP: 53/53 MP: 8/8
  2575 | D:4      | Reached skill level 5 in Short Blades
  2738 | D:4      | Found a staircase to the Ecumenical Temple.
  2790 | D:4      | Reached **** piety under Cheibriados
  2813 | D:4      | Found Mlladu's Merry Market.
  2924 | D:4      | Reached XP level 7. HP: 59/59 MP: 10/10
  2945 | D:4      | Noticed Ijyb
  2958 | D:4      | Killed Ijyb
  3019 | D:4      | Noticed Grinder
  3019 | D:4      | Paralysed by Grinder for 3 turns
  3028 | D:4      | Paralysed by Grinder for 5 turns
  3035 | D:4      | Killed Grinder
  3373 | D:5      | Entered Level 5 of the Dungeon
  3448 | D:5      | Noticed Dowan
  3448 | D:5      | Noticed Duvessa
  3464 | D:5      | Killed Duvessa
  3464 | D:5      | Killed Dowan
  3465 | D:5      | Reached XP level 8. HP: 18/67 MP: 6/12
  3568 | D:2      | Bought 2 potions of heal wounds for 110 gold pieces
  3657 | D:5      | Learned a level 2 spell: Blink
  3660 | D:5      | Learned a level 2 spell: Ensorcelled Hibernation
  3664 | D:5      | Learned a level 3 spell: Tukima's Dance
  3812 | D:5      | Noticed Pikel
  3829 | D:5      | Killed Pikel
  4031 | D:5      | Noticed Sigmund
  4044 | D:5      | Killed Sigmund
  4045 | D:5      | Reached XP level 9. HP: 64/73 MP: 14/14
  4945 | D:6      | Reached ***** piety under Cheibriados
  5085 | D:6      | Found a runed translucent door.
  5089 | D:6      | Noticed Garym's ghost (novice MiFi)
  5119 | D:6      | Killed Garym's ghost
  5120 | D:6      | Reached skill level 5 in Invocations
  5130 | D:6      | Found a runed translucent door.
  5778 | D:7      | Found a transporter.
  5781 | D:7      | Found a bloodstained altar of Trog.
  5781 | D:7      | Noticed a moth of wrath
  5781 | D:7      | Noticed Turgon's ghost (novice TrWn)
  5797 | D:7      | Found a transporter.
  6191 | D:7      | Found a flagged portal.
  6211 | Bailey   | Entered a bailey
  6493 | Bailey   | Reached XP level 10. HP: 72/80 MP: 11/17
  6510 | Bailey   | Reached skill level 5 in Long Blades
  6510 | Bailey   | Reached skill level 5 in Axes
  6510 | Bailey   | Reached skill level 5 in Maces & Flails
  6510 | Bailey   | Reached skill level 5 in Polearms
  6510 | Bailey   | Reached skill level 5 in Staves
  6510 | Bailey   | Reached skill level 5 in Slings
  6510 | Bailey   | Reached skill level 5 in Bows
  6510 | Bailey   | Reached skill level 5 in Crossbows
  6510 | Bailey   | Reached skill level 5 in Throwing
  6510 | Bailey   | Reached skill level 5 in Dodging
  6510 | Bailey   | Reached skill level 5 in Stealth
  6510 | Bailey   | Reached skill level 5 in Unarmed Combat
  6510 | Bailey   | Reached skill level 5 in Spellcasting
  6510 | Bailey   | Reached skill level 5 in Evocations
  6682 | Bailey   | Reached skill level 5 in Conjurations
  6682 | Bailey   | Reached skill level 5 in Hexes
  6682 | Bailey   | Reached skill level 5 in Summonings
  6682 | Bailey   | Reached skill level 5 in Necromancy
  6682 | Bailey   | Reached skill level 5 in Translocations
  6682 | Bailey   | Reached skill level 5 in Transmutations
  6682 | Bailey   | Reached skill level 5 in Fire Magic
  6682 | Bailey   | Reached skill level 5 in Ice Magic
  6682 | Bailey   | Reached skill level 5 in Air Magic
  6682 | Bailey   | Reached skill level 5 in Earth Magic
  6682 | Bailey   | Reached skill level 5 in Poison Magic
  6682 | Bailey   | Reached XP level 11. HP: 89/89 MP: 17/20
  6685 | Bailey   | Noticed an orc knight
  6693 | Bailey   | Killed an orc knight
  6694 | Bailey   | Noticed an orc knight
  6695 | Bailey   | Noticed an orc knight
  6696 | Bailey   | Noticed an orc knight
  6699 | Bailey   | Noticed an orc knight
  6700 | Bailey   | HP: 4/89 [orc knight (31)]
  6703 | Bailey   | Mangled by an orc knight

Illustrated notes

Levels and vault maps discovered:
D:1:      dpeg_arrival_more_subterranean_lakeside_camping, layout_basic,
          dreamdust_ecumenical_altar_grove, kennysheep_boxes
D:2:      layout_basic, serial_shops, nicolae_shop_window_shopping
D:3:      layout_rooms, serial_shops, shop, serial_park_tiny_2, minivault_14
D:4:      kennysheep_the_goblin_king, layout_basic,
          minmay_temple_entry_statues_pillars, nicolae_alphabet_shops,
          uniq_grinder
D:5:      layout_loops_ring, uniq_sigmund, uniq_pikel, uniq_duvessa
D:6:      layout_basic, ebering_ghost_sewer_f
D:7:      layout_basic, gammafunk_ghost_wrathful_warriors, enter_bailey_3
Bailey:   bailey_polearm_5, bailey

Skill      XL: |  1  2  3  4  5  6  7  8  9 10 |
---------------+-------------------------------+-----
Invocations    | 1 2 3 4 5 6 |  6.9
Long Blades    | 1 2 3 4 6 |  6.3
Axes           | 1 2 3 4 6 |  6.3
Maces & Flails | 1 2 3 4 6 |  6.3
Polearms       | 1 2 3 4 6 |  6.3
Staves         | 1 2 3 4 6 |  6.3
Slings         | 1 2 3 4 6 |  6.3
Bows           | 1 2 3 4 6 |  6.3
Crossbows      | 1 2 3 4 6 |  6.3
Throwing       | 1 2 3 4 6 |  6.3
Dodging        | 1 2 3 4 6 |  6.3
Stealth        | 1 2 3 4 6 |  6.3
Unarmed Combat | 1 2 3 4 6 |  6.3
Spellcasting   | 1 2 3 4 6 |  6.3
Evocations     | 1 2 3 4 6 |  6.3
Conjurations   | 1 2 3 5 |  5.2
Hexes          | 1 2 3 5 |  5.2
Summonings     | 1 2 3 5 |  5.2
Necromancy     | 1 2 3 5 |  5.2
Translocations | 1 2 3 5 |  5.2
Transmutations | 1 2 3 5 |  5.2
Fire Magic     | 1 2 3 5 |  5.2
Ice Magic      | 1 2 3 5 |  5.2
Air Magic      | 1 2 3 5 |  5.2
Earth Magic    | 1 2 3 5 |  5.2
Poison Magic   | 1 2 3 5 |  5.2
Short Blades   | 5 6 7 |  7.9
Fighting       | 7 8 9 |  9.2
Armour         | 7 8 9 |  9.2
Shields        | 7 8 9 |  9.2

Action                   |  1- 3 |  4- 6 |  7- 9 | 10-12 || total
-------------------------+-------+-------+-------+-------++-------
Melee: Rapier            |   109 |   107 |   218 |    17 ||   451
       Bite              |    18 |    14 |    41 |     3 ||    76
Throw: Boomerang         |       |     9 |    34 |     1 ||    44
 Cast: Tukima's Dance    |       |       |       |     4 ||     4
Invok: Slouch            |       |       |     3 |     1 ||     4
Evoke: Wand              |       |       |       |     1 ||     1
  Use: Scroll            |       |       |     7 |       ||     7
       Potion            |       |       |     1 |     3 ||     4
 Stab: Sleeping          |       |       |     2 |       ||     2
Armor: Scale mail        |    36 |    36 |    17 |       ||    89
       Robe              |       |       |    27 |       ||    27
Dodge: Dodged            |    37 |    16 |   127 |    15 ||   195
Block: Kite shield       |    70 |    58 |   149 |    12 ||   289
